 Dungeon Crawl Stone Soup version 0.31-a0-1603-gbec6b6ccbf (webtiles) character file.

Game seed: 8489727328935530609

2592 jasper the Carver (level 9, -6/68 HPs)
             Began as a Human Fighter on Jan 7, 2024.
             Was an Elder of Dithmenos.
             Killed from afar by Erica (34 damage)
             ... with a bolt of poison
             ... on level 8 of the Dungeon.
             The game lasted 00:10:02 (5673 turns).

jasper the Carver (Human Fighter)                   Turns: 5673, Time: 00:10:02

Health: -6/68      AC: 12    Str: 17    XL:     9   Next: 58%
Magic:  9/9        EV:  6    Int:  9    God:    Dithmenos [****..]
Gold:   1187       SH:  6    Dex: 16    Spells: 8/8 levels left

rFire   . . .        d - +7 double sword (elec)
rCold   . . .        c - +1 buckler
rNeg    . . .        b - +0 scale mail
rPois   .            i - +0 helmet
rElec   .            (no cloak)
rCorr   +            (no gloves)
SInv    .            (no boots)
Will    .....        (no amulet) Stlth
                     j - ring of resist corrosion
HPRegen 0.31/turn    l - +4 ring of protection
MPRegen 0.11/turn

%: no passive effects
@: mighty, lethally poisoned (-6 -> -23), wreathed by umbra, constricted
A: explore regen
a: Renounce Religion, Shadow Step


You were on level 8 of the Dungeon.
You worshipped Dithmenos.
Dithmenos was greatly pleased with you.
You visited 1 branch of the dungeon, and saw 8 of its levels.
You also visited: Sewer.

You collected 1187 gold pieces.

Inventory:

Hand Weapons
 a - a +0 long sword of freezing
 d - a +7 double sword of electrocution (weapon)
 e - a +0 short sword
 t - the +0 sling "Bolybben" {antimagic, rElec Str+3}
   (You found it on level 5 of the Dungeon)

   Str+3:     It affects your strength (+3).
   rElec:     It insulates you from electricity.
 B - a +0 rapier
Missiles
 f - 7 boomerangs
 g - 99 stones
Armour
 b - a +0 scale mail (worn)
 c - a +1 buckler (worn)
 i - a +0 helmet (worn)
 C - a +0 helmet
Jewellery
 h - an amulet of magic regeneration
 j - a ring of resist corrosion (left hand)
 l - a +4 ring of protection (right hand)
 m - an amulet of faith
 u - a +6 ring of intelligence
 y - a ring of ice
Wands
 x - a wand of flame (25)
Scrolls
 n - 3 scrolls of teleportation
 r - 2 scrolls of blinking
 s - a scroll of revelation
Potions
 k - a potion of lignification
 q - 2 potions of haste
 v - 2 potions of brilliance {unknown}
 z - a potion of ambrosia
 D - a potion of resistance {unknown}


   Skills:
 + Level 5.5 Fighting
 * Level 10.6 Long Blades
 + Level 5.5 Armour
 - Level 4.4 Shields


You had 8 spell levels left.
You didn't know any spells.
Your spell library contained the following spells:

 Spells                   Type           Power      Damage    Failure   Level
 Freeze                   Ice            0%         1d3       85%         1
 Ensorcelled Hibernation  Hex/Ice        0%         N/A       94%         2
 Frozen Ramparts          Ice            0%         1d1       99%         3
 Fugue of the Fallen      Necr           0%         N/A       99%         3
 Hailstorm                Conj/Ice       0%         3d5       99%         3
 Anguish                  Hex/Necr       0%         N/A       100%        4
 Cause Fear               Hex            0%         N/A       100%        4
 Enfeeble                 Hex            0%         N/A       100%        7


Dungeon Overview and Level Annotations

Branches:
Dungeon (8/15)             Temple (0/1) D:6           Sewer (visited)
   Lair: D:8-11

Altars:
Ashenzari
Dithmenos
Wu Jian

Annotations:
D:8 Erica


Innate Abilities, Weirdness & Mutations

You regain HP and MP as you explore.


Message History

Erica is moderately wounded.
You feel sick. You block Erica's attack. Erica constricts you.
You take 4 damage, and have 27/68 hp.
Erica blocks your attack.
Erica is lightly wounded.
You feel sick. Erica casts a spell at you. The bolt of poison hits you.
You are lethally poisoned!
Erica constricts you.
You take 3 damage, and have 24/68 hp.
You closely miss Erica.
Erica is lightly wounded.
* * * LOW HITPOINT WARNING * * *
You feel extremely sick. Erica casts a spell at you.
You resist with significant effort. Erica constricts you.
You take 7 damage, and have 17/68 hp.
You feel better.
Erica hits you with a +3 scimitar of flaming!
* * * LOW HITPOINT WARNING * * *
Erica burns you.
* * * LOW HITPOINT WARNING * * *
Erica constricts you.
You take 4 damage, and have 13/68 hp.
You feel very mighty all of a sudden. You block Erica's attack.
Erica constricts you.
* * * LOW HITPOINT WARNING * * *
You take 2 damage, and have 11/68 hp.
You feel much better. Erica barely misses you. Erica constricts you.
You regained 17 hp, and now have 28/68 hp.
You barely miss Erica.
Erica is lightly wounded.
Your shadow closely misses Erica.
Erica casts a spell at you. The bolt of poison hits you!!
You are poisoned.
Ouch! That really hurt!
You die...
Erica begins burbling mirthfully and uncontrollably.

# #####
#.##...# ##
......## ..
#..
.§§§§##$###
#.#
#x§§§.....
#.# #@§# #.#
#§§# #.# #§§#
#.# #§§#
#.########..#
#.##........#
#....######.#
#.##.# ...
#.##.# ##...


You could see Erica (reflecting).

Vanquished Creatures
  Prince Ribbit (D:6)
  Grinder (D:6)
  A wyvern (D:7)
  3 water moccasins
  An ice beast (D:5)
  An ogre (D:5)
  A centaur (D:7)
  4 bullfrogs
  6 scorpions
  A howler monkey (D:6)
  2 bombardier beetles
  5 hounds
  3 orc priests (D:4)
  3 jellies
  2 sleepcaps
  2 orc wizards
  8 gnolls
  9 adders
  2 ufetubi (D:6)
  9 dart slugs
  3 ribbon worms
  11 orcs
  10 ball pythons
  12 endoplasms
  16 giant cockroaches
  5 goblins
  5 hobgoblins
  7 jackals
  2 quokkas
  9 bats
  18 frilled lizards
  7 kobolds
  11 rats
181 creatures vanquished.

Notes
Turn   | Place    | Note
-------+----------+-------------------------------------------
     0 | D:1      | jasper the Human Fighter began the quest for the Orb.
     0 | D:1      | Reached XP level 1. HP: 18/18 MP: 1/1
     1 | D:1      | Found a runed translucent door.
    23 | D:1      | Reached XP level 2. HP: 11/24 MP: 2/2
    35 | D:1      | Reached skill level 3 in Long Blades
   224 | D:1      | Reached XP level 3. HP: 29/29 MP: 3/3
   235 | D:1      | Found a faded altar of an unknown god.
   842 | D:1      | Prayed at the altar of an unknown god.
   842 | D:1      | Became a worshipper of Dithmenos the Shadowed
   842 | D:1      | Reached * piety under Dithmenos
   966 | D:2      | Found a broken altar of Ashenzari.
  1082 | D:2      | Reached skill level 4 in Long Blades
  1146 | D:2      | Reached XP level 4. HP: 35/35 MP: 4/4
  1550 | D:2      | Identified a scroll of acquirement
  1550 | D:2      | Acquired a +6 double sword of electrocution
  1689 | D:3      | Reached ** piety under Dithmenos
  1892 | D:3      | Reached skill level 5 in Long Blades
  1892 | D:3      | Reached XP level 5. HP: 41/41 MP: 5/5
  2128 | D:4      | Reached XP level 6. HP: 12/47 MP: 6/6
  2138 | D:4      | Reached skill level 6 in Long Blades
  2409 | D:4      | Reached XP level 7. HP: 38/52 MP: 7/7
  2529 | D:4      | Acquired 706 gold pieces
  2864 | D:5      | Entered Level 5 of the Dungeon
  2884 | D:5      | Identified the +0 sling "Bolybben" {antimagic, rElec Str+3}
  3004 | D:5      | Reached skill level 7 in Long Blades
  3026 | D:5      | Found a glowing drain.
  3030 | Sewer    | Entered a sewer
  3096 | Sewer    | Reached *** piety under Dithmenos
  3315 | Sewer    | Reached skill level 8 in Long Blades
  3547 | D:5      | Reached XP level 8. HP: 58/58 MP: 8/8
  4162 | D:6      | Found a staircase to the Ecumenical Temple.
  4162 | D:6      | Noticed Grinder
  4165 | D:6      | Paralysed by Grinder for 3 turns
  4193 | D:6      | Paralysed by Grinder for 3 turns
  4288 | D:6      | Reached **** piety under Dithmenos
  4296 | D:6      | Reached skill level 9 in Long Blades
  4300 | D:6      | Paralysed by Grinder for 4 turns
  4315 | D:6      | Killed Grinder
  4485 | D:6      | Noticed Prince Ribbit
  4490 | D:6      | Killed Prince Ribbit
  4491 | D:6      | Reached XP level 9. HP: 55/66 MP: 9/9
  4791 | D:7      | Reached skill level 10 in Long Blades
  4863 | D:7      | Reached skill level 5 in Fighting
  4863 | D:7      | Reached skill level 5 in Armour
  5106 | D:7      | Found an ornate altar of the Wu Jian Council.
  5663 | D:8      | Noticed Erica
  5673 | D:8      | Killed from afar by Erica

Illustrated notes

Levels and vault maps discovered:
D:1:      dpeg_arrival_caged_fury, layout_rooms,
          hellmonk_ecumenical_altar_inner_sanctum, serial_aquarium,
          aquarium_bridge_square [aquarium_subvault_wall,
          aquarium_subvault_wall, aquarium_subvault_bridge,
          aquarium_subvault_window], aquarium_bridge_square
          [aquarium_subvault_bridge, aquarium_subvault_balcony,
          aquarium_subvault_wall, aquarium_subvault_bridge], aquarium_window_1,
          aquarium_window_1, aquarium_view_2b, aquarium_view_2f,
          aquarium_balcony_3a, aquarium_pool_five, minmay_pentomino_s4
D:2:      layout_loops_cross, basic_altar, dreamdust_princess_corridor
D:3:      layout_rooms
D:4:      minmay_wonky_spiral, layout_basic
D:5:      layout_loops_cross, gup_sewer_entry_bowl, corexii_leaking_fountain
D:6:      layout_cave_pools, minmay_temple_entry_sparse_star,
          uniq_prince_ribbit1, uniq_grinder
D:7:      layout_basic, mainiacjoe_overflow_boulevard
D:8:      layout_loops_ring, uniq_erica, uniq_maurice

Skill      XL: |  1  2  3  4  5  6  7  8  9 |
---------------+----------------------------+-----
Long Blades    | 3 4 5 6 8 9 10 | 10.6
Shields        | 4 |  4.4
Fighting       | 4 5 |  5.5
Armour         | 4 5 |  5.5

Action                     |  1- 3 |  4- 6 |  7- 9 || total
---------------------------+-------+-------+-------++-------
  Melee: Long sword        |   122 |    47 |       ||   169
         Double sword      |       |    64 |   230 ||   294
    Use: Potion            |     1 |     3 |     5 ||     9
         Scroll            |     2 |     6 |     6 ||    14
 Armour: Scale mail        |    88 |    63 |   181 ||   332
  Dodge: Dodged            |    48 |    50 |   105 ||   203
  Block: Buckler           |    32 |    28 |    71 ||   131

Table legend: (Time is in decaauts)
 A = Elapsed time spent in this place.
 B = Non-inter-level travel time spent in this place.
 C = Inter-level travel time spent in this place.
 D = Time resting spent in this place.
 E = Time spent auto-exploring this place.
 F = Levels seen in this place.
 G = Mean time per level.
                   A        B        C        D        E       F      G
               +--------+--------+--------+--------+--------+-----+--------+
         Total |   5825 |   5629 |    196 |    179 |   3950 |   9 |  647.2 |
       Dungeon |   5292 |   5096 |    196 |     70 |   3853 |   8 |  661.5 |
         Sewer |    532 |    532 |      0 |    109 |     96 |   1 |  532.0 |
               +--------+--------+--------+--------+--------+-----+--------+

Top non-repeatable levels by time:
     D:1: 987 daAuts
     D:7: 895 daAuts
     D:5: 811 daAuts
     D:4: 766 daAuts
     D:2: 685 daAuts
     D:6: 627 daAuts
   Sewer: 532 daAuts
     D:3: 488 daAuts
     D:8: 29 daAuts
